 Dungeon Crawl Stone Soup version 0.26.1-11-gd32895ea62 (webtiles) character file.

Game seed: 10378696856128513032

7258 Elvor the Basher (level 11, -4/66 HPs)
             Began as a Gargoyle Delver on Apr 15, 2021.
             Was a Priest of Okawaru.
             Slain by a komodo dragon (21 damage)
             ... on level 11 of the Dungeon.
             The game lasted 01:23:39 (8751 turns).

Elvor the Basher (Gargoyle Delver)                  Turns: 8751, Time: 01:23:39

Health: -4/66      AC: 22    Str: 20    XL:     11   Next: 12%
Magic:  11/11      EV: 12    Int: 10    God:    Okawaru [***...]
Gold:   324        SH:  0    Dex: 11    Spells: 4/10 levels left

rFire    . . .     SeeInvis +   S - +2 whip (elec)
rCold    . . .     Faith    .   (no shield)
rNeg     + . .     Spirit   .   O - +3 ring mail
rPois    ∞         Reflect  .   f - +1 helmet
rElec    +         Harm     .   P - +0 cloak
rCorr    +         Rampage  .   (no gloves)
Will     .....                  B - +0 pair of boots
Stlth    ++........             (no amulet)
HPRegen  0.21/turn              Q - ring of resist corrosion
MPRegen  0.12/turn              T - ring of see invisible

@: no status effects
A: negative energy resistance 1, electricity resistance, unbreathing,
petrification resistance, miasma immunity, AC +8
a: Renounce Religion, Heroism


You were on level 11 of the Dungeon.
You worshipped Okawaru.
Okawaru was most pleased with you.
You visited 2 branches of the dungeon, and saw 12 of its levels.

You collected 636 gold pieces.
You spent 312 gold pieces at shops.

Inventory:

Hand Weapons
 k - a +0 morningstar
 x - a +0 whip of electrocution
 S - a +2 whip of electrocution (weapon)
 W - a +2 vorpal war axe
Missiles
 c - 30 poisoned darts (quivered)
 e - 378 stones
 q - 20 boomerangs
 y - 77 sling bullets
 N - 5 silver boomerangs
Armour
 f - a +1 helmet (worn)
 B - a +0 pair of boots (worn)
 E - a +0 plate armour
 O - a +3 ring mail (worn)
 P - a +0 cloak (worn)
 U - a +1 leather armour of fire resistance
Magical Staves
 R - an uncursed staff of air
Jewellery
 o - an uncursed ring of ice
 v - an uncursed ring of protection from cold
 C - an uncursed ring of ice
 M - an uncursed ring of protection from cold
 Q - a ring of resist corrosion (left hand)
 T - a ring of see invisible (right hand)
Wands
 a - a wand of acid (2)
 b - a wand of flame (7)
 g - a wand of digging (9)
 i - a wand of random effects (16)
Scrolls
 d - 5 scrolls of magic mapping
 h - 5 scrolls of remove curse
 j - 4 scrolls of immolation
 m - 3 scrolls of fog
 t - 5 scrolls of teleportation
 u - 2 scrolls of amnesia
 w - 3 scrolls of blinking
 D - 3 scrolls of enchant weapon
 I - 2 scrolls of enchant armour
 V - a scroll of silence {unknown}
Potions
 l - 2 potions of flight
 n - 2 potions of mutation
 p - 5 potions of curing
 r - 3 potions of attraction
 s - 2 potions of ambrosia
 z - 3 potions of haste
 A - 3 potions of invisibility
 F - 4 potions of might
 G - a potion of brilliance {unknown}
 H - 2 potions of resistance
 J - 2 potions of magic {unknown}
 K - a potion of berserk rage
 L - a potion of heal wounds


   Skills:
 + Level 6.6 Fighting
 * Level 11.4 Maces & Flails
 + Level 7.5 Throwing
 + Level 6.0 Armour
 + Level 3.2 Dodging
 + Level 6.5 Stealth
 + Level 0.1 Spellcasting
 + Level 0.7 Air Magic
 + Level 0.6 Evocations


You had 4 spell levels left.
You knew the following spells:

 Your Spells              Type           Power        Failure   Level
a - Blink                 Tloc           N/A          65%         2
b - Slow                  Hex            0%           65%         2
c - Swiftness             Air            1%           56%         2

Your spell library contained the following spells:

 Spells                   Type           Power        Failure   Level
 Shock                    Conj/Air       0%           45%         1
 Corona                   Hex            0%           52%         1
 Magic Dart               Conj           0%           52%         1
 Call Imp                 Summ           0%           65%         2
 Ensorcelled Hibernation  Hex/Ice        0%           65%         2
 Static Discharge         Conj/Air       0%           83%         3
 Mephitic Cloud           Conj/Pois/Air  0%           85%         3
 Confusing Touch          Hex            0%           87%         3
 Conjure Flame            Conj/Fire      0%           87%         3
 Dazzling Flash           Conj/Hex       0%           87%         3
 Tukima's Dance           Hex            0%           87%         3
 Airstrike                Air            0%           99%         4
 Lightning Bolt           Conj/Air       0%           100%        5


Dungeon Overview and Level Annotations

Branches:
Dungeon (11/15)            Temple (1/1) D:6            Lair (0/6) D:11
    Orc: D:9-12

Altars:
Ashenzari
Cheibriados
Dithmenos
Elyvilon
Fedhas
Gozag
Hepliaklqana
Kikubaaqudgha
Makhleb
Nemelex Xobeh
Okawaru
Qazlal
Ru
Sif Muna
Trog
Uskayaw
Vehumet
Wu Jian
Xom
Yredelemnul
Zin
The Shining One

Shops:
D:6 !   D:7 [   D:9 [

Annotations:
D:8 3 runed translucent doors, Cyrael's ghost, novice DEWz; Gnirx's ghost, novice GrEE; Phaedo's ghost, novice OpDe; Quickbrownfox's ghost, novice MiMo; destino's ghost, novice DgFi


Innate Abilities, Weirdness & Mutations

You are resistant to torment.
Your stone body is resilient. (AC +8)
You are immune to poison.
You resist negative energy. (rN+)
You are resistant to electric shocks. (rElec)
You can survive without breathing.
You are immune to petrification.
You are immune to miasma.


Message History

You barely miss the komodo dragon.
The komodo dragon is severely wounded.
The komodo dragon barely misses you.
You barely miss the komodo dragon.
The komodo dragon is severely wounded.
The komodo dragon bites you.
* * * LOW HITPOINT WARNING * * *
You hit the komodo dragon but do no damage.
The komodo dragon is severely wounded.
The komodo dragon bites you.
* * * LOW HITPOINT WARNING * * *
You closely miss the komodo dragon.
The komodo dragon is severely wounded.
The komodo dragon misses you.
You hit the komodo dragon.
The komodo dragon is almost dead.
You completely miss the komodo dragon.
The komodo dragon is almost dead.
The komodo dragon bites you!!
You die... #.# #.# #.# #.# #.# #.# #.# #.# #.# #.# #.# #.# #.# #.# #.# ########## #.# #@####PPPPPPPPP# #.# #.l.#PPPPPPP..PP

#.# #.....PPPPP.>.PP
#.#########)#....PPPPl.PPP
#...........##.(..PPPPPPPP
#...........###..((..PP..P
##########..# ##...P.....#
#..# ###(....## #..#
###......


You could see a komodo dragon (fast, invisible, very poisoned).

Vanquished Creatures
  Pikel (D:5)
  Maurice (D:8)
  2 gargoyles
  Sigmund (D:4)
  5 orc warriors
  3 phantoms
  4 sky beasts
  4 ice beasts
  An eye of draining (D:7)
  6 ogres
  2 centaurs
  6 bullfrogs
  2 big kobolds
  A wyvern zombie (D:11)
  2 wyvern skeletons
  2 scorpions
  9 killer bees (D:10)
  4 howler monkeys
  4 wights
  A centaur zombie (D:10)
  A crimson imp (D:9)
  A bullfrog zombie (D:10)
  3 hounds
  3 centaur skeletons
  11 orc priests
  A jelly (D:10)
  9 orc wizards
  3 iguanas
  8 worker ants
  8 adders
  2 shadow imps
  2 white imps
  4 ufetubi
  2 adder zombies (D:8)
  3 adder skeletons
  4 worms
  4 dart slugs
  3 leopard geckos
  49 orcs
  2 ball pythons
  5 giant cockroaches
  8 goblins
  2 hobgoblins
  18 jackals
  17 kobolds
  4 quokkas
  6 bats
  3 frilled lizards
  A jackal skeleton (D:5)
  2 quokka zombies
  5 rats
255 creatures vanquished.

Vanquished Creatures (others)
  4 plants (D:11)
4 creatures vanquished.

Grand Total: 259 creatures vanquished

Notes
Turn   | Place    | Note
-------+----------+-------------------------------------------
     0 | D:5      | Elvor the Gargoyle Delver began the quest for the Orb.
     0 | D:5      | Reached XP level 1. HP: 14/14 MP: 1/1
     2 | D:5      | Noticed a lemure
     4 | D:5      | Noticed a worker ant
    44 | D:4      | Noticed an ogre
   159 | D:4      | Noticed Sigmund
   289 | D:3      | Noticed a howler monkey
   298 | D:3      | Killed a howler monkey
   299 | D:3      | Reached XP level 2. HP: 15/19 MP: 2/2
   299 | D:3      | Reached XP level 3. HP: 18/23 MP: 3/3
   318 | D:3      | Found a hide-covered altar of Uskayaw.
   511 | D:1      | You fall into a shaft and drop 1 floor!
   523 | D:2      | Reached XP level 4. HP: 12/28 MP: 4/4
   658 | D:2      | Reached skill level 3 in Maces & Flails
   658 | D:2      | Reached skill level 1 in Armour
  1057 | D:1      | Reached XP level 5. HP: 33/33 MP: 5/5
  2181 | D:3      | Reached skill level 4 in Maces & Flails
  2334 | D:3      | Found a shimmering blue altar of Sif Muna.
  2389 | D:3      | Reached XP level 6. HP: 38/38 MP: 6/6
  2599 | D:4      | Found a white marble altar of Elyvilon.
  2817 | D:4      | Reached skill level 5 in Maces & Flails
  3139 | D:4      | Killed Sigmund
  3140 | D:4      | Reached skill level 6 in Maces & Flails
  3140 | D:4      | Reached skill level 1 in Throwing
  3140 | D:4      | Reached XP level 7. HP: 41/43 MP: 7/7
  3277 | D:5      | Found a broken altar of Ashenzari.
  3508 | D:5      | Noticed Pikel
  3533 | D:5      | Killed Pikel
  3534 | D:5      | Reached skill level 7 in Maces & Flails
  3534 | D:5      | Reached XP level 8. HP: 33/48 MP: 8/8
  3610 | D:5      | Found a basalt altar of Yredelemnul.
  3708 | D:5      | Found a glowing golden altar of the Shining One.
  4211 | D:6      | Reached skill level 8 in Maces & Flails
  4231 | D:6      | Found a staircase to the Ecumenical Temple.
  4255 | D:6      | Reached XP level 9. HP: 46/52 MP: 9/9
  4266 | Temple   | Entered the Ecumenical Temple
  4558 | D:6      | Reached skill level 5 in Throwing
  5050 | D:6      | Found Teoguo's Distillery.
  5053 | D:6      | Bought a potion of berserk rage for 65 gold pieces
  5053 | D:6      | Bought a potion of heal wounds for 65 gold pieces
  5053 | D:6      | Bought a potion of ambrosia for 104 gold pieces
  5053 | D:6      | Bought a potion of attraction for 39 gold pieces
  5053 | D:6      | Bought a potion of curing for 39 gold pieces
  5455 | D:7      | Found Roewn's Armour Emporium.
  5474 | D:7      | Found a radiant altar of Vehumet.
  5707 | D:7      | Reached skill level 5 in Fighting
  5795 | D:8      | Reached skill level 9 in Maces & Flails
  6098 | D:8      | Reached skill level 5 in Armour
  6400 | D:8      | Found a shimmering altar of Xom.
  6430 | D:8      | Found a runed translucent gate.
  6431 | D:8      | Found a runed translucent gate.
  6431 | D:8      | Found a runed translucent gate.
  6432 | D:8      | Noticed destino's ghost (novice DgFi)
  6432 | D:8      | Noticed Gnirx's ghost (novice GrEE)
  6433 | D:8      | Noticed Cyrael's ghost (novice DEWz)
  6433 | D:8      | Noticed Phaedo's ghost (novice OpDe)
  6433 | D:8      | Noticed Quickbrownfox's ghost (novice MiMo)
  6485 | D:8      | Reached XP level 10. HP: 40/59 MP: 10/10
  6630 | D:8      | Noticed Maurice
  6648 | D:8      | Killed Maurice
  6731 | D:8      | Reached skill level 10 in Maces & Flails
  6764 | D:8      | Found an iron altar of Okawaru.
  6771 | D:8      | Became a worshipper of Warmaster Okawaru
  7159 | D:9      | Reached * piety under Okawaru
  7202 | D:9      | Found a sacrificial altar of Ru.
  7306 | D:9      | Found a shimmering altar of Xom.
  7306 | D:9      | Found a burning altar of Makhleb.
  7406 | D:9      | Found an opulent altar of Gozag.
  7467 | D:9      | Found Olupsy's Specialty Armours.
  7563 | D:10     | Entered Level 10 of the Dungeon
  7947 | D:10     | Reached ** piety under Okawaru
  7997 | D:10     | Noticed a gargoyle
  8030 | D:10     | Killed a gargoyle
  8031 | D:10     | Reached skill level 11 in Maces & Flails
  8296 | D:10     | Learned a level 2 spell: Blink
  8299 | D:10     | Learned a level 2 spell: Slow
  8302 | D:10     | Learned a level 2 spell: Swiftness
  8364 | D:10     | Reached XP level 11. HP: 66/66 MP: 11/11
  8717 | D:11     | Reached *** piety under Okawaru
  8722 | D:11     | Found a staircase to the Lair.
  8751 | D:11     | Slain by a komodo dragon

Illustrated notes

Levels and vault maps discovered:
D:1:      minmay_arrival_stone_box, layout_basic, hangedman_decor_riveting
D:2:      layout_loops_ring, solitary_fountain, minmay_unequal
D:3:      layout_basic, lemuel_doored_altar, marbit_many_paths,
          serial_park_tiny_2
D:4:      layout_loops_cross, old_standard_altar, chequers_ossuary_entry_cave,
          uniq_sigmund
D:5:      layout_cave_pools, kennysheep_little_box, evilmike_ruin_ashenzari,
          kennysheep_mini, uniq_pikel
D:6:      layout_gridville, temple_pool_b, serial_shops, shop
D:7:      layout_loops_cross, kennysheep_mini_moat, serial_shops, shop
D:8:      layout_basic, overflow_temple_1_default, basic_altar,
          gammafunk_ghost_cemetery, uniq_maurice
D:9:      layout_rooms, grunt_temple_overflow_champion_of_chaos,
          old_standard_altar, overflow_temple_1_default, nicolae_barding_shop
D:10:     layout_loops_ring
D:11:     layout_long_grid, david_lair_shrubbed, special_room
          [special_room_kobold], minmay_misc_feat_tiny, minmay_misc_feat_tower,
          minivault_16
Temple:   cyrus_temple_forest

Skill      XL: |  1  2  3  4  5  6  7  8  9 10 11 |
---------------+----------------------------------+-----
Stealth        | 6 |  6.5
Maces & Flails | 3 4 6 7 8 9 11 | 11.4
Armour         | 1 2 3 5 6 |  6.0
Fighting       | 4 5 6 |  6.6
Throwing       | 1 3 4 6 7 |  7.5
Dodging        | 2 3 |  3.2
Spellcasting   | |  0.1
Air Magic      | |  0.7
Evocations     | |  0.6

Action                   |  1- 3 |  4- 6 |  7- 9 | 10-12 || total
-------------------------+-------+-------+-------+-------++-------
Melee: Mace              |    62 |   218 |       |       ||   280
       Whip              |       |    42 |   405 |   381 ||   828
Throw: Dart              |     9 |    21 |    87 |    70 ||   187
       Stone             |       |     2 |       |       ||     2
       Boomerang         |       |     8 |    37 |    14 ||    59
 Cast: Swiftness         |       |       |       |     1 ||     1
Evoke: Wand              |       |       |       |    15 ||    15
  Use: Scroll            |     2 |     3 |     6 |     3 ||    14
       Potion            |     1 |       |       |     1 ||     2
 Stab: Sleeping          |       |       |       |     3 ||     3
Armor: Chain mail        |    45 |   191 |   138 |       ||   374
       Leather armour    |     2 |       |       |       ||     2
       Plate armour      |       |       |    94 |    31 ||   125
       Ring mail         |       |       |       |   144 ||   144
Dodge: Dodged            |    34 |    93 |   125 |   151 ||   403
